AoeStats
← Dr. Hawamagun Amis-Yu

Northern Isles

510559103Analyzed
1v1 RM · 23h ago on Oct 1, 2026· 61m 27s· 2 players
Game mode
Random Map
Map size
Tiny (2 player)
Population
200
Speed
Normal
Resources
Standard
Victory
Conquest
Starting age
Dark Age
Ending age
Imperial Age
RankedLock teamsTeams togetherTeam positionsShared explorationLock speedFull tech treeHidden civsTurbo modeCheats
Victory
Defeat
🇲🇽 Italians · Mexico
970
+24
🇬🇷 Aztecs · Greece
998
-17
rancira95
10:53 Feudal Age
20:01 Castle Age
19:12 Fletching
20:14 Double-Bit Axe
23:17 Crossbowman
25:32 Bodkin Arrow
29:49 Ballistics
41:42 Loom
45:42 Imperial Age
48:54 Chemistry
51:51 Bow Saw
Dr. Hawamagun Amis-Yu
7:58 Loom
12:39 Feudal Age
13:21 Double-Bit Axe
13:16 Man-at-Arms
20:18 Castle Age
24:11 Wheelbarrow
24:25 Squires
23:52 Eagle Warrior
25:04 Arson
25:50 Fletching
26:00 Scale Mail Armor
29:00 Horse Collar
45:24 Bodkin Arrow
45:54 Gold Mining
55:17 Imperial Age
Connection lost

Rejoining the realm…

Still unreachable

The connection could not be restored.

Session expired

The server has moved on; the page needs a fresh start.